Unix NetHack Version 5.0.0-0 post-release - last build Jun 10 2026 00:39:30 (3ee93aec679c4c4259841fe613dc97188e26a321,branch:main).

Game began 2026-06-23 05:39:30, ended 2026-06-23 06:09:53.

FalseGod, neutral female gnomish Healer

                   ----
               $  --..| $
           *      |...|
                  |..--
                  |..|
                  --.|      $#
              ------.|
              |.B@...--        --
              |.----..|       --.
              |.|  --.--      |...
            --|.--- |[.|      |...
           --.|...| --.--     --..
            ......-- |..|   ----.....
            .......----.|   |........
            .........||.|   --......-
             ........||.|    |-.....|
             -.......-|)|-----<.-----
              ........|.|..)*..--
              ...|....|[...*----
              -.---.------.--
              --- ---    ---
FalseGod the Rhizotomist     St:9 Dx:8 Co:16 In:8 Wi:17 Ch:17  Neutral
Dlvl:7  $:122 HP:0(24) Pw:20(20) AC:7  Xp:2 T:1900  Fainted  Deaf

Latest messages:
 You faint from lack of food.
 You regain consciousness.
 You can hear again.
 You faint from lack of food.
 The large cat bites the homunculus.
 The homunculus bites!
 The large cat bites the homunculus.
 The homunculus is killed!
 You regain consciousness.
 You can hear again.
 You faint from lack of food.
 The grid bug bites!
 You avoid harm.
 The large cat bites the grid bug.
 The grid bug is killed!
 You regain consciousness.
 You faint from lack of food.
 You regain consciousness.
 You can hear again.
 You faint from lack of food.
 You dream that you hear crashing rock.
 You regain consciousness.
 You faint from lack of food.
 You regain consciousness.
 You can hear again.
 You faint from lack of food.
 You regain consciousness.
 You can hear again.
 You faint from lack of food.
 You regain consciousness.
 You can hear again.
 You faint from lack of food.
 You regain consciousness.
 You can hear again.
 You faint from lack of food.
 You dream that you hear crashing rock.
 The giant bat bites!
 The giant bat bites!
 The giant bat bites!
 The giant bat bites!
 The giant bat bites!
 The giant bat bites!
 The giant bat bites!
 The giant bat bites!
 You die...
 Do you want your possessions identified? [ynq] (y) y
 Do you want to see your attributes? [ynq] (y) n
 Do you want an account of creatures vanquished? [ynaq] (y) n
 Do you want to see your conduct and achievements? [ynq] (y) n
 Do you want to see the dungeon overview? [ynq] (y) n

Inventory:
 Coins    ('$')
  $ - 122 gold pieces
 Weapons  (')')
  p - a +0 dagger
  n - a +0 elven dagger
  a - a +0 scalpel (weapon in right hand)
 Armor    ('[')
  w - an uncursed +0 helmet
  b - an uncursed +1 pair of leather gloves (being worn)
  x - an uncursed +0 pair of low boots
  o - an uncursed +1 dwarvish cloak
  m - an uncursed +0 elven cloak (being worn)
 Spellbooks  ('+')
  i - a blessed spellbook of extra healing
  h - a blessed spellbook of healing
  j - a blessed spellbook of stone to flesh
 Potions  ('!')
  e - a blessed potion of extra healing
  f - 3 uncursed potions of extra healing
  d - 4 uncursed potions of healing
 Wands    ('/')
  g - a wand of sleep (0:4)
 Tools    ('(')
  s - an uncursed stethoscope

FalseGod the Healer's attributes:

Background:
 You were a Rhizotomist, a level 2 female gnomish Healer.
 You were neutral, on a mission for Hermes
 who was opposed by Athena (lawful) and Poseidon (chaotic).
 You were right-handed.
 You were in the Gnomish Mines, on level 7.
 You entered the dungeon 1900 turns ago.
 You had 28 experience points, 12 more were needed to attain level 3.

Basics:
 You had 0 out of 24 hit points.
 You had all 20 energy points (spell power).
 Your armor class was 7.
 Your wallet contained 122 zorkmids.
 Autopickup was off.

Final Characteristics:
 Your strength was 9 (base:10, limit:18/50).
 Your dexterity was 8 (limit:18).
 Your constitution was 16 (limit:18).
 Your intelligence was 8 (limit:19).
 Your wisdom was 17 (limit:18).
 Your charisma was 17 (limit:18).

Final Status:
 You were deaf.
 You were fainted due to starvation.
 You were unencumbered.
 You were wielding a knife.
 You had basic skill with knife.

Final Attributes:
 You were fervently aligned.
 You were poison resistant.
 You had infravision.
 You were stealthy.
 You were warded.
 You were unlucky.
 Hermes was angry with you.
 You are dead.

Miscellaneous:
 You didn't encounter any bones levels.
 Total elapsed playing time was 30 minutes and 21 seconds.

Major events:
 Turn
    1: FalseGod the neutral female gnomish Healer entered the dungeon
  374: entered the Gnomish Mines
  974: reached Mine Town
 1900: killed by a giant bat, while fainted from lack of food

Spells:
 Name                 Level Category     Fail Retention
 healing                1   healing        0%  91%-100%
 extra healing          3   healing       47%  91%-100%
 stone to flesh         3   healing       58%  91%-100%

Skills:
 Fighting Skills
   bare handed combat [Unskilled]
 Weapon Skills
   dagger             [Unskilled]
   knife              [Basic]
   short sword        [Unskilled]
   saber              [Unskilled]
   club               [Unskilled]
   mace               [Unskilled]
   quarterstaff       [Unskilled]
   polearms           [Unskilled]
   spear              [Unskilled]
   trident            [Unskilled]
   sling              [Unskilled]
   dart               [Unskilled]
   shuriken           [Unskilled]
   unicorn horn       [Unskilled]
 Spellcasting Skills
   healing spells     [Basic]

Voluntary challenges:
 Character rerolling was not enabled.
 You never genocided any monsters.
 You never polymorphed an object.
 You never changed form.
 You used no wishes.
Achievements:
 You entered the Gnomish Mines.
 You entered Minetown.
 You entered a temple.
 You entered a shop.

 The Dungeons of Doom: levels 1 to 3
    Level 1:
       Some fountains.
    Level 2: "vault"
       A sink.
    Level 3:
       Stairs down to The Gnomish Mines.
 The Gnomish Mines: levels 4 to 7
    Level 4:
    Level 5:
    Level 6:
       A lighting shop, a temple and an altar, some fountains, a sink.
    Level 7: <- You were here.
       Final resting place for
          you, killed by a giant bat, while fainted from lack of food.


Vanquished creatures:
  a watchman
  2 shriekers
  a gnome leader
  a kitten
  2 dwarves
  a homunculus
  a kobold leader
  2 monkeys
 an iguana
  3 hobbits
  2 manes
  a giant rat
  2 green molds
  5 gnomes
  a gnome zombie
  a gecko
  3 jackals
  a fox
  2 goblins
  9 grid bugs
  a lichen
  a kobold zombie
 10 newts
54 creatures vanquished.

No species were genocided or became extinct.

Game over:
                       ----------
                      /          \
                     /    REST    \
                    /      IN      \
                   /     PEACE      \
                  /                  \
                  |     FalseGod     |
                  |      122 Au      |
                  |   killed by a    |
                  |    giant bat     |
                  |                  |
                  |                  |
                  |       2026       |
                 *|     *  *  *      | *
        _________)/\\_//(\/(/\)/\//\/|_)_______

Goodbye FalseGod the Healer...

You died in The Gnomish Mines on dungeon level 7 with 412 points,
and 122 pieces of gold, after 1900 moves.
You were level 2 with a maximum of 24 hit points when you died.

